ABL
CANBERRA RAIDERS @ CANTERBURY BULLDOGS
07/10/2022
 
TOP OF THE 1ST
Canberra Raiders batting - Pitching for Canterbury Bulldogs : RHP Joe Pickwell
Pitching: RHP Joe Pickwell
Batting: SHB Matt Melsome 0-0: Ball
1-0: Called Strike
1-1: Fly out, F5 (Popup, 25, EV 81.3 MPH)
Batting: RHB Bob Burdikin 0-0: Ball
1-0: Ball
2-0: Foul Ball, location: 9LMF
2-1: Foul Ball, location: 2F
2-2: Strikes out swinging
Batting: LHB Glen Hamlyn 0-0: Called Strike
0-1: Ball
1-1: Foul Ball, location: 3F
1-2: Ball
2-2: Foul Ball, location: 2F
2-2: Ball
3-2: SINGLE (Groundball, 6MD, EV 99.4 MPH)
Batting: RHB Tim Kennelly 0-0: Swinging Strike
0-1: Ball
1-1: Foul Ball, location: 9LSF
1-2: Ball
2-2: Ball
3-2: Strikes out swinging
Top of the 1st over - 0 runs, 1 hit, 0 errors, 1 left on base; Canberra 0 - Canterbury 0
BOTTOM OF THE 1ST
Canterbury Bulldogs batting - Pitching for Canberra Raiders : LHP Rylan Eyres-Brown
Pitching: LHP Rylan Eyres-Brown
Batting: RHB Andre Farnsworth 0-0: Ball
1-0: Foul Ball, location: 2F
1-1: Ball
2-1: Foul Ball, location: 9LSF
2-2: Ball
3-2: Base on Balls
Batting: RHB David Oldreave 0-0: SINGLE (Line Drive, 6MD, EV 100.0 MPH)
Andre Farnsworth to second
Batting: LHB Max Walters 0-0: Ball
1-0: Ball
2-0: Ball
3-0: Base on Balls
Andre Farnsworth to third
David Oldreave to second
Batting: RHB Tas Reeves 0-0: Ball
1-0: Ball
2-0: Ball
3-0: Called Strike
3-1: DOUBLE (Flyball, 78XD, EV 110.0 MPH)
Andre Farnsworth scores
David Oldreave scores
Max Walters to third
Batting: LHB Shane Johnston 0-0: Ball
1-0: DOUBLE (Line Drive, 89D, EV 103.1 MPH)
Max Walters scores
Tas Reeves scores
Batting: RHB Harry Pratly 0-0: Swinging Strike
0-1: Ball
1-1: Ball
2-1: Ball
3-1: Ground out 2-3 (Groundball, 2R, EV 68.8 MPH)
Shane Johnston to third
Batting: RHB Daniel Chesire 0-0: Foul Ball, location: 2F
0-1: Foul Ball, location: 25F
0-2: Ball
1-2: Ball
2-2: Ball
3-2: Ground out 5-3 (Groundball, 56, EV 98.1 MPH)
Shane Johnston scores
Batting: RHB Ted Claridge 0-0: Ball
1-0: Fly out, F7 (Line Drive, 78S, EV 90.6 MPH)
Bottom of the 1st over - 5 runs, 3 hits, 0 errors, 0 left on base; Canberra 0 - Canterbury 5
TOP OF THE 2ND
Canberra Raiders batting - Pitching for Canterbury Bulldogs : RHP Joe Pickwell
Batting: LHB Ken Pym 0-0: Foul Ball, location: 5F
0-1: Ball
1-1: DOUBLE (Line Drive, 78D, EV 107.5 MPH)
Batting: RHB Jory Esplin 0-0: Called Strike
0-1: Ground out 4-3 (Groundball, 4, EV 97.5 MPH)
Ken Pym to third
Batting: LHB Trent Tombs 0-0: Called Strike
0-1: Ball
1-1: Swinging Strike
1-2: Ball
2-2: Foul Ball, location: 2F
2-2: Strikes out swinging
Batting: LHB Rylan Eyres-Brown 0-0: Called Strike
0-1: Swinging Strike
0-2: Strikes out looking
Top of the 2nd over - 0 runs, 1 hit, 0 errors, 1 left on base; Canberra 0 - Canterbury 5
BOTTOM OF THE 2ND
Canterbury Bulldogs batting - Pitching for Canberra Raiders : LHP Rylan Eyres-Brown
Batting: RHB Joe Pickwell 0-0: Ball
1-0: Ball
2-0: Fly out, F9 (Flyball, 9, EV 91.3 MPH)
Batting: RHB Andre Farnsworth 0-0: Ground out 6-3 (Groundball, 6, EV 100.6 MPH)
Batting: RHB David Oldreave 0-0: Ball
1-0: SINGLE (Groundball, 4MD, EV 103.8 MPH)
Batting: LHB Max Walters 0-0: Called Strike
0-1: Ball
1-1: Ball
2-1: SINGLE (Flyball, 6D, EV 94.4 MPH)
David Oldreave to second
Runner from 2nd tries for 3rd, SAFE, throw by CF made to third
Batting: RHB Tas Reeves 0-0: Foul Ball, location: 2F
0-1: Ball
1-1: Called Strike
1-2: Strikes out swinging
Bottom of the 2nd over - 0 runs, 2 hits, 0 errors, 2 left on base; Canberra 0 - Canterbury 5
TOP OF THE 3RD
Canberra Raiders batting - Pitching for Canterbury Bulldogs : RHP Joe Pickwell
Batting: RHB Herb Pethick 0-0: Ball
1-0: DOUBLE (Line Drive, 9LM, EV 94.4 MPH)
Batting: SHB Matt Melsome 0-0: Ball
1-0: Swinging Strike
1-1: Called Strike
1-2: Ground out 6-3 (Groundball, 6, EV 76.3 MPH)
Batting: RHB Bob Burdikin 0-0: Swinging Strike
0-1: Called Strike
0-2: Ground out 6-3 (Groundball, 6S, EV 65.6 MPH)
Batting: LHB Glen Hamlyn 0-0: Ball
1-0: Swinging Strike
1-1: Called Strike
1-2: Ball
2-2: Ball
3-2: Strikes out looking
Top of the 3rd over - 0 runs, 1 hit, 0 errors, 1 left on base; Canberra 0 - Canterbury 5
BOTTOM OF THE 3RD
Canterbury Bulldogs batting - Pitching for Canberra Raiders : LHP Rylan Eyres-Brown
Batting: LHB Shane Johnston 0-0: Ball
1-0: Fly out, F8 (Flyball, 8LD, EV 105.0 MPH)
Batting: RHB Harry Pratly 0-0: Ball
1-0: Foul Ball, location: 2F
1-1: DOUBLE (Flyball, 8RXD, EV 109.4 MPH)
Batting: RHB Daniel Chesire 0-0: Swinging Strike
0-1: Ball
1-1: Foul Ball, location: 3F
1-2: DOUBLE (Line Drive, 3D, EV 96.3 MPH)
Harry Pratly scores
Batting: RHB Ted Claridge 0-0: Ball
1-0: Foul Ball, location: 2F
1-1: Ball
2-1: Ball
Wild Pitch!
Daniel Chesire to third
3-1: Foul Ball, location: 9LMF
3-2: Fly out, F7 (Flyball, 7D, EV 96.3 MPH)
Batting: RHB Joe Pickwell 0-0: Swinging Strike
0-1: Swinging Strike
0-2: Ball
1-2: Ball
2-2: Strikes out looking
Bottom of the 3rd over - 1 run, 2 hits, 0 errors, 1 left on base; Canberra 0 - Canterbury 6
TOP OF THE 4TH
Canberra Raiders batting - Pitching for Canterbury Bulldogs : RHP Joe Pickwell
Batting: RHB Tim Kennelly 0-0: Ball
1-0: Ball
2-0: Ground out 5-3 (Groundball, 56, EV 78.1 MPH)
Batting: LHB Ken Pym 0-0: Reached on error, E6 (Groundball, 6, EV 85.6 MPH)
Batting: RHB Jory Esplin 0-0: Ball
Wild Pitch!
Ken Pym to second
1-0: Ball
Ken Pym is caught stealing 3rd base 2-5
2-0: Foul Ball, location: 2F
2-1: Swinging Strike
2-2: Strikes out swinging
Top of the 4th over - 0 runs, 0 hits, 1 error, 0 left on base; Canberra 0 - Canterbury 6
BOTTOM OF THE 4TH
Canterbury Bulldogs batting - Pitching for Canberra Raiders : LHP Rylan Eyres-Brown
Pitching: LHP Bobbie Quarles
Batting: RHB Andre Farnsworth 0-0: Ball
1-0: Ball
2-0: Foul Ball, location: 2F
2-1: Ball
3-1: Hit by Pitch
Batting: RHB David Oldreave 0-0: Ball
Andre Farnsworth steals 2nd base
1-0: Called Strike
1-1: Ball
2-1: Hit by Pitch
Batting: LHB Max Walters 0-0: Called Strike
0-1: Ball
1-1: Swinging Strike
1-2: SINGLE (Groundball, 34D, EV 102.5 MPH)
Andre Farnsworth to third
David Oldreave to second
Runner from 3rd tries for Home, SAFE, throw by RF to home
Batting: RHB Tas Reeves 0-0: Ball
1-0: Fly out, F9 (Flyball, 89M, EV 86.9 MPH)
Batting: LHB Shane Johnston 0-0: Ball
1-0: Swinging Strike
1-1: Foul Ball, location: 2F
1-2: Foul Ball, location: 2RF
1-2: Foul Ball, location: 3F
1-2: Ball
2-2: Strikes out swinging
Batting: RHB Harry Pratly 0-0: Ball
1-0: Called Strike
1-1: Ground out 4-3 (Groundball, 4, EV 87.5 MPH)
Bottom of the 4th over - 1 run, 1 hit, 0 errors, 2 left on base; Canberra 0 - Canterbury 7
TOP OF THE 5TH
Canberra Raiders batting - Pitching for Canterbury Bulldogs : RHP Joe Pickwell
Batting: LHB Trent Tombs 0-0: Called Strike
0-1: Fly out, F3 (Popup, 23F, EV 86.3 MPH)
Batting: RHB Bobbie Quarles 0-0: Called Strike
0-1: Ball
1-1: Foul Ball, location: 2F
1-2: Strikes out swinging, 2-3 out at first.
Batting: RHB Herb Pethick 0-0: Called Strike
0-1: SINGLE (Groundball, 34D, EV 103.1 MPH)
Batting: SHB Matt Melsome 0-0: Ground out 4-3 (Groundball, 4, EV 86.3 MPH)
Top of the 5th over - 0 runs, 1 hit, 0 errors, 1 left on base; Canberra 0 - Canterbury 7
BOTTOM OF THE 5TH
Canterbury Bulldogs batting - Pitching for Canberra Raiders : LHP Bobbie Quarles
Batting: RHB Daniel Chesire 0-0: DOUBLE (Line Drive, 5D, EV 95.0 MPH)
Batting: RHB Ted Claridge 0-0: Ball
1-0: Ground out 6-3 (Groundball, 6, EV 90.0 MPH)
Batting: RHB Joe Pickwell 0-0: Ball
1-0: Called Strike
1-1: Swinging Strike
1-2: Foul Ball, location: 23F
1-2: Foul Ball, location: 7LSFF
1-2: Fly out, F8 (Flyball, 8RD, EV 110.0 MPH)
Batting: RHB Andre Farnsworth 0-0: Called Strike
0-1: Ball
1-1: DOUBLE (Line Drive, 78D, EV 105.6 MPH)
Daniel Chesire scores
Batting: RHB David Oldreave 0-0: Ground out 6-3 (Groundball, 6, EV 87.5 MPH)
Bottom of the 5th over - 1 run, 2 hits, 0 errors, 1 left on base; Canberra 0 - Canterbury 8
TOP OF THE 6TH
Canberra Raiders batting - Pitching for Canterbury Bulldogs : RHP Joe Pickwell
Batting: RHB Bob Burdikin 0-0: Called Strike
0-1: Ball
1-1: Ball
2-1: SINGLE (Line Drive, 9S, EV 91.9 MPH)
Batting: LHB Glen Hamlyn 0-0: Ball
1-0: Called Strike
1-1: Swinging Strike
1-2: Ball
2-2: Ball
3-2: Grounds into double play, 4-6-3 (Groundball, 4, EV 87.5 MPH)
Batting: RHB Tim Kennelly 0-0: Ball
1-0: Ball
2-0: Foul Ball, location: 5SF
2-1: Foul Ball, location: 2F
2-2: Ball
3-2: Fly out, F7 (Line Drive, 78M, EV 92.5 MPH)
Top of the 6th over - 0 runs, 1 hit, 0 errors, 0 left on base; Canberra 0 - Canterbury 8
BOTTOM OF THE 6TH
Canterbury Bulldogs batting - Pitching for Canberra Raiders : LHP Bobbie Quarles
Batting: LHB Max Walters 0-0: Swinging Strike
0-1: DOUBLE (Flyball, 89XD, EV 104.4 MPH)
Batting: RHB Tas Reeves 0-0: Ball
1-0: Ball
2-0: Called Strike
2-1: Called Strike
2-2: Ball
3-2: Base on Balls
Batting: LHB Shane Johnston 0-0: Ball
1-0: DOUBLE (Flyball, 8RXD, EV 105.0 MPH)
Max Walters scores
Tas Reeves to third
Batting: RHB Harry Pratly 0-0: Called Strike
0-1: Foul Ball, location: 2F
0-2: Ball
1-2: Foul Ball, location: 25F
1-2: Ball
2-2: Ball
3-2: SINGLE (Line Drive, 78M, EV 97.5 MPH)
Tas Reeves scores
Shane Johnston to third
Runner from 3rd tries for Home, SAFE, throw by CF to home
Pitching: RHP Link Dagger
Batting: RHB Daniel Chesire 0-0: Ball
1-0: Swinging Strike
1-1: Foul Ball, location: 9LMF
1-2: Foul Ball, location: 23F
1-2: Fly out, F4 (Popup, 4D, EV 72.5 MPH)
Batting: RHB Ted Claridge 0-0: Ball
1-0: Swinging Strike
1-1: Ball
2-1: Grounds into double play, 3-6-3 (Groundball, 34, EV 82.5 MPH)
Bottom of the 6th over - 3 runs, 3 hits, 0 errors, 0 left on base; Canberra 0 - Canterbury 11
TOP OF THE 7TH
Canberra Raiders batting - Pitching for Canterbury Bulldogs : RHP Joe Pickwell
Batting: LHB Ken Pym 0-0: Ball
1-0: Fly out, F2 (Popup, 2RF, EV 86.3 MPH)
Pinch Hitting: RHB Jamie Aplin 0-0: Foul Ball, location: 9LDF
0-1: Ball
1-1: Ball
2-1: Swinging Strike
2-2: Ball
3-2: Foul Ball, location: 9LMF
3-2: Foul Ball, location: 2F
3-2: Fly out, F7 (Flyball, 78D, EV 108.8 MPH)
Batting: LHB Trent Tombs 0-0: Ball
1-0: Called Strike
1-1: Called Strike
1-2: Foul Ball, location: 25F
1-2: Fly out, F7 (Line Drive, 78D, EV 94.4 MPH)
Top of the 7th over - 0 runs, 0 hits, 0 errors, 0 left on base; Canberra 0 - Canterbury 11
BOTTOM OF THE 7TH
Canterbury Bulldogs batting - Pitching for Canberra Raiders : RHP Link Dagger
Now at 3B: Jamie Aplin
Batting: RHB Joe Pickwell 0-0: Fly out, F8 (Flyball, 8RD, EV 100.6 MPH)
Pinch Hitting: SHB Harasvarupa Panyala 0-0: SINGLE (Line Drive, 8RS, EV 97.5 MPH)
Batting: RHB David Oldreave 0-0: Swinging Strike
0-1: Ball
1-1: Swinging Strike
1-2: Grounds into double play, 5-4-3 (Groundball, 56, EV 79.4 MPH)
Bottom of the 7th over - 0 runs, 1 hit, 0 errors, 0 left on base; Canberra 0 - Canterbury 11
TOP OF THE 8TH
Canberra Raiders batting - Pitching for Canterbury Bulldogs : RHP Joe Pickwell
Now in LF: Silas Perrin
Pinch Hitting: LHB Rutger Cooper 0-0: Called Strike
0-1: Swinging Strike
0-2: Ground out 3-1 (Groundball, 34S, EV 73.1 MPH)
Batting: RHB Herb Pethick 0-0: Called Strike
0-1: Ball
1-1: Ball
2-1: Foul Ball, location: 9LDF
2-2: Ball
3-2: Strikes out looking
Batting: SHB Matt Melsome 0-0: Called Strike
0-1: Ball
1-1: Called Strike
1-2: Foul Ball, location: 3FF
1-2: Ground out U3 (Groundball, 3, EV 82.5 MPH)
Top of the 8th over - 0 runs, 0 hits, 0 errors, 0 left on base; Canberra 0 - Canterbury 11
BOTTOM OF THE 8TH
Canterbury Bulldogs batting - Pitching for Canberra Raiders : RHP Link Dagger
Pitching: LHP Clint Redgate
Batting: LHB Max Walters 0-0: Ball
1-0: Ground out U3 (Groundball, 3, EV 80.0 MPH)
Batting: RHB Tas Reeves 0-0: Called Strike
0-1: Foul Ball, location: 2F
0-2: Ball
1-2: Strikes out swinging
Batting: LHB Shane Johnston 0-0: Called Strike
0-1: Ball
1-1: Ball
2-1: SINGLE (Line Drive, 6MD, EV 96.9 MPH)
Batting: RHB Harry Pratly 0-0: Ball
1-0: Ball
2-0: Ball
3-0: Called Strike
3-1: Foul Ball, location: 2F
3-2: Fly out, F7 (Flyball, 7D, EV 101.3 MPH)
Bottom of the 8th over - 0 runs, 1 hit, 0 errors, 1 left on base; Canberra 0 - Canterbury 11
TOP OF THE 9TH
Canberra Raiders batting - Pitching for Canterbury Bulldogs : RHP Joe Pickwell
Pitching: RHP Vinnie Burge
Batting: RHB Bob Burdikin 0-0: Ball
1-0: Fly out, F4 (Line Drive, 4, EV 70.0 MPH)
Batting: LHB Glen Hamlyn 0-0: Ball
1-0: Ball
2-0: Ball
3-0: Swinging Strike
3-1: Base on Balls
Batting: RHB Tim Kennelly 0-0: Called Strike
0-1: Foul Ball, location: 7LDF
0-2: Strikes out swinging
Batting: LHB Ken Pym 0-0: Ball
1-0: Foul Ball, location: 7LMF
1-1: Foul Ball, location: 7LMF
1-2: Ball
2-2: Ball
3-2: Strikes out swinging
Top of the 9th over - 0 runs, 0 hits, 0 errors, 1 left on base; Canberra 0 - Canterbury 11
Thursday, May 2nd , 2024 - OOTP Baseball 24.9 Build 80